 Dungeon Crawl Stone Soup version 0.28-a0-724-g66f9036eb4 (webtiles) character file.

Game seed: 444703372504598521

4196 ABBCCCDDDD the Cleaver (level 10, -13/138 HPs)
             Began as a Minotaur Delver on Oct 26, 2021.
             Mangled by Erica (29 damage)
             ... on level 8 of the Dungeon.
             The game lasted 00:11:59 (10922 turns).

ABBCCCDDDD the Cleaver (Minotaur Delver)           Turns: 10922, Time: 00:12:00

Health: -13/138    AC: 25    Str: 19      XL:     10   Next: 8%
Magic:  9/9        EV:  2    Int:  6 (7)  God:
Gold:   533        SH:  0    Dex: 13      Spells: 9/9 levels left

rFire   . . .      SeeInvis .   u - +0 war axe
rCold   . . .      Faith    .   (no shield)
rNeg    . . .      Spirit   .   (armour currently unavailable)
rPois   +          Reflect  .   (helmet currently unavailable)
rElec   .          Harm     .   (cloak currently unavailable)
rCorr   .          Rampage  .   (gloves currently unavailable)
Will    .....      NoTele   +   (boots currently unavailable)
Stlth   ++........              (no amulet)
HPRegen 0.33/turn               (no ring)
MPRegen 0.11/turn               (no ring)

@: brilliant, tree-form, slowed, very slow
A: stationary, stasis, torment immunity, boosted hp, (horns 2), (retaliatory
headbutt)
a: no special abilities


You were on level 8 of the Dungeon.
You were a tree.
You visited 2 branches of the dungeon, and saw 9 of its levels.

You collected 533 gold pieces.

Inventory:

Hand Weapons
 a - a +0 hand axe
 u - a +0 war axe (weapon)
Missiles
 k - 2 curare-tipped darts (quivered)
 t - 20 poisoned darts
 w - 6 silver javelins
Armour
 n - a +0 cloak (melded)
 z - a +0 chain mail (melded)
 G - a +0 kite shield
Jewellery
 y - a ring of protection from cold
 D - a +6 ring of intelligence
 F - a +6 ring of dexterity
Wands
 g - a wand of digging (6)
 C - a wand of iceblast (13)
Scrolls
 c - 2 scrolls of fog
 d - a scroll of magic mapping
 e - a scroll of fear
 h - 3 scrolls of teleportation
 l - a scroll of blinking
 m - 4 scrolls of amnesia
 o - 2 scrolls of vulnerability
 q - a scroll of noise
 r - a scroll of enchant weapon {unknown}
 v - a scroll of acquirement {unknown}
 A - a scroll of brand weapon {unknown}
Potions
 b - 3 potions of might
 f - 2 potions of haste
 i - a potion of flight
 j - a potion of cancellation
 p - 3 potions of degeneration
 E - a potion of ambrosia {unknown}


   Skills:
 + Level 9.7 Fighting
 * Level 12.8 Axes
 + Level 6.5 Armour
 + Level 4.3 Dodging
 - Level 4.1 Stealth
 + Level 0.6 Shields


You had 9 spell levels left.
You didn't know any spells.
Your spell library contained the following spells:

 Spells                   Type           Power      Damage    Failure   Level
 Magic Dart               Conj           0%         1d3       45%         1
 Shock                    Conj/Air       0%         1d3       45%         1
 Searing Ray              Conj           0%         2d4       58%         2
 Ozocubu's Armour         Ice            0%         N/A       83%         3
 Swiftness                Air            0%         N/A       83%         3
 Airstrike                Air            0%         N/A       99%         4
 Fulminant Prism          Conj/Hex       0%         3d6       99%         4
 Olgreb's Toxic Radiance  Pois           0%         N/A       99%         4
 Ozocubu's Refrigeration  Ice            0%         4d5       100%        7
 Ignition                 Fire           0%         3d3       100%        8


Dungeon Overview and Level Annotations

Branches:
Dungeon (8/15)             Temple (1/1) D:5
   Lair: D:8-11

Altars:
Ashenzari
Dithmenos
Elyvilon
Fedhas
Gozag
Kikubaaqudgha
Makhleb
Nemelex Xobeh
Okawaru
Qazlal
Ru
Sif Muna
Uskayaw
Wu Jian
Xom
Yredelemnul
The Shining One

Shops:
D:1 :

Annotations:
D:4 Menkaure
D:8 Erica


Innate Abilities, Weirdness & Mutations

You are a tree.
Your roots penetrate the ground, keeping you stationary.
You cannot be teleported.
You are immune to unholy pain and torment.
Your maximum health is greatly increased.
Your equipment is partially melded.
((You have a pair of horns on your head.))
((You reflexively headbutt those who attack you in melee.))


Message History

Okay, then.
You hear some strange, mumbled words.
A lance of force appears from out of thin air!
The lance of force hits you!
You are knocked back by the lance of force.
You slam into the rock wall!
Okay, then.
You are too confused!
Unknown command.
It was a potion of cancellation.
Your magical effects are unravelling.
You feel magically purged.
You feel less confused. Something hits you! Something burns you.
* * * LOW HITPOINT WARNING * * *
It was a potion of flight.
You feel very buoyant.
You fly up into the air.
Something completely misses you.
It was a potion of lignification.
You turn into a tree.
Your +0 cloak melds into your body.
Your +0 chain mail melds into your body.
Your roots penetrate the ground.
Something hits you but does no damage.
You cannot move.
You cannot move.
You completely miss something. Something hits you but does no damage.
You miss something. Something hits you.
* * * LOW HITPOINT WARNING * * *
Something burns you.
* * * LOW HITPOINT WARNING * * *
You miss something. Something hits you!
* * * LOW HITPOINT WARNING * * *
Something burns you.
* * * LOW HITPOINT WARNING * * *
It was a potion of magic.
Magic courses through your body.
You hear some strange, mumbled words.
You feel yourself slow down.
It was a potion of brilliance.
You feel clever all of a sudden. Something hits you!!
You die...

#.#####........#
#..............#
#######..##...##
#..###.########
#..............
##.###.########
#.###.#######
#...........#
#####.##♣...#
#.#.{...#
#.#....##
#(#.)#.#
....##.# #..##
.. ..# ## ..#
..#


There were no monsters in sight!

Levels and vault maps discovered:
D:1:      eino_arrival_water_star, layout_loops_corners,
          shapermc_ecumenical_altar_mp_ritualfount, serial_shops, shop_statue
D:2:      layout_basic
D:3:      layout_rooms, serial_forest, infiniplex_forest_lined_2,
          infiniplex_forest_clump_C, infiniplex_forest_straight_1,
          infiniplex_forest_clump_medium, infiniplex_forest_lined_room_,
          infiniplex_forest_straight_4, infiniplex_forest_corner_2,
          infiniplex_forest_lined_corner, grunt_ministairs_9,
          wad_woods_river_04, uniq_robin
D:4:      layout_layer_cave, fedhas_altar_1, chequers_serial_rivers_micro_d,
          uniq_menkaure
D:5:      layout_loops_ring, grunt_temple_overflow_holy_war,
          minmay_temple_entry_crystal_x
D:6:      layout_cave_pools, makhleb_heckhound_becter,
          mainiacjoe_overflow_24_doors, nicolae_water_bricks,
          minmay_three_doors, uniq_eustachio
D:7:      layout_loops_cross, gammafunk_temple_overflow_claw, dk_noncrumbling_4,
          st_stairs_12, minmay_misc_feat_five, minivault_14
D:8:      layout_loops_ring, lemuel_crystal_altar, bloody_trog, serial_shops,
          shop_fountains, nicolae_ossuary_entry_giza, david_defended_altar_orc,
          uniq_erica
Temple:   jpeg_temple_island

Notes
Turn   | Place    | Note
-------+----------+-------------------------------------------
     0 | D:5      | ABBCCCDDDD the Minotaur Delver began the quest for the Orb.
     0 | D:5      | Reached XP level 1. HP: 19/19 MP: 0/0
     5 | D:5      | Noticed a scorpion
    16 | D:5      | Found a staircase to the Ecumenical Temple.
    16 | D:5      | Noticed an ogre
   107 | Temple   | Entered the Ecumenical Temple
   206 | D:5      | Noticed a scorpion
   388 | D:2      | Reached skill level 3 in Axes
   388 | D:2      | Reached XP level 2. HP: 19/27 MP: 1/1
   672 | D:1      | Reached XP level 3. HP: 29/33 MP: 2/2
   809 | D:1      | Found a faded altar of an unknown god.
   990 | D:1      | Reached skill level 4 in Axes
  1121 | D:1      | Found Veimuts's Book Boutique.
  2055 | D:2      | Reached XP level 4. HP: 34/41 MP: 3/3
  2220 | D:2      | Noticed a necrophage
  2228 | D:2      | Killed a necrophage
  2229 | D:2      | Reached skill level 5 in Fighting
  2229 | D:2      | Reached skill level 5 in Axes
  2229 | D:2      | Reached XP level 5. HP: 37/48 MP: 4/4
  2746 | D:3      | Noticed an ogre
  2760 | D:3      | Killed an ogre
  2761 | D:3      | Reached skill level 6 in Axes
  2761 | D:3      | Reached skill level 1 in Armour
  2761 | D:3      | Reached XP level 6. HP: 21/56 MP: 5/5
  3306 | D:3      | Noticed Robin
  3336 | D:3      | Killed Robin
  3623 | D:3      | Reached skill level 7 in Axes
  3957 | D:4      | Reached XP level 7. HP: 62/63 MP: 6/6
  3973 | D:4      | You fall into a shaft and drop 2 floors!
  4036 | D:4      | Found a blossoming altar of Fedhas.
  4136 | D:4      | Identified the +2 robe of Eternal Vigilance {+Inv Regen+}
  4296 | D:4      | Reached skill level 8 in Axes
  4670 | D:4      | Reached XP level 8. HP: 58/71 MP: 7/7
  4815 | D:4      | Noticed Menkaure
  5595 | D:4      | Reached skill level 9 in Axes
  6293 | D:5      | Found a glowing golden altar of the Shining One.
  6299 | D:5      | Found a basalt altar of Yredelemnul.
  6301 | D:5      | Noticed a profane servitor
  6422 | D:6      | Reached skill level 5 in Armour
  6580 | D:6      | Found a burning altar of Makhleb.
  6768 | D:6      | Noticed Eustachio
  6780 | D:6      | Killed Eustachio
  6781 | D:6      | Reached skill level 10 in Axes
  6851 | D:6      | Noticed a two-headed ogre
  6857 | D:6      | Killed a two-headed ogre
  6858 | D:6      | Reached skill level 11 in Axes
  6858 | D:6      | Reached XP level 9. HP: 50/82 MP: 8/8
  7626 | D:6      | Found a shadowy altar of Dithmenos.
  7681 | D:6      | Reached skill level 12 in Axes
  9960 | D:7      | Noticed a troll
  9970 | D:7      | Killed a troll
  9971 | D:7      | Reached XP level 10. HP: 57/91 MP: 9/9
 10131 | D:7      | Found a shimmering altar of Xom.
 10135 | D:7      | Found a hide-covered altar of Uskayaw.
 10135 | D:7      | Found a sparkling altar of Nemelex Xobeh.
 10903 | D:8      | Noticed Erica
 10922 | D:8      | Mangled by Erica

Table legend: (Time is in decaauts)
 A = Elapsed time spent in this place.
 B = Non-inter-level travel time spent in this place.
 C = Inter-level travel time spent in this place.
 D = Time resting spent in this place.
 E = Time spent auto-exploring this place.
 F = Levels seen in this place.
 G = Mean time per level.
                   A        B        C        D        E       F      G
               +--------+--------+--------+--------+--------+-----+--------+
         Total |  10900 |  10524 |    376 |   3170 |   5673 |   9 | 1211.1 |
       Dungeon |  10819 |  10466 |    353 |   3170 |   5649 |   8 | 1352.4 |
        Temple |     80 |     57 |     23 |      0 |     24 |   1 |   80.0 |
               +--------+--------+--------+--------+--------+-----+--------+

Top non-repeatable levels by time:
     D:6: 2510 daAuts
     D:7: 1844 daAuts
     D:3: 1375 daAuts
     D:2: 1343 daAuts
     D:5: 1313 daAuts
     D:4: 1307 daAuts
     D:1: 960 daAuts
     D:8: 163 daAuts
  Temple: 80 daAuts

Table legend:
 A = Kills in this place as a percentage of kills in entire the game.
 B = Kills by you in this place as a percentage of kills by you in the entire game.
 C = Kills by friends in this place as a percentage of kills by friends in the entire game.
 D = Other kills in this place as a percentage of other kills in the entire game.
 E = Experience gained in this place as a percentage of experience gained in the entire game.
 F = Experience gained in this place divided by the number of levels of this place that you have seen.
                   A       B       C       D       E      F
               +-------+-------+-------+-------+-------+----------------------
         Total | 100.0 | 100.0 |   N/A |   N/A | 100.0 | 666.1
       Dungeon | 100.0 | 100.0 |   N/A |   N/A | 100.0 | 749.4
               +-------+-------+-------+-------+-------+----------------------

Action                   |  1- 3 |  4- 6 |  7- 9 | 10-12 || total
-------------------------+-------+-------+-------+-------++-------
Melee: Hand axe          |    96 |   107 |   267 |       ||   470
       Headbutt          |    13 |    20 |    66 |     7 ||   106
       War axe           |       |       |    56 |    44 ||   100
Throw: Dart              |       |     1 |    11 |     1 ||    13
  Use: Scroll            |       |       |     6 |       ||     6
       Potion            |       |       |     4 |     5 ||     9
 Stab: Sleeping          |     6 |     2 |       |       ||     8
       Distracted        |       |       |     1 |       ||     1
Armor: Leather armour    |    16 |       |       |       ||    16
       Ring mail         |     6 |    16 |    22 |       ||    44
       Chain mail        |       |       |   119 |    15 ||   134
       Skin              |       |       |       |     2 ||     2
Dodge: Dodged            |    44 |    47 |   128 |    20 ||   239

Vanquished Creatures
  A two-headed ogre (D:6)
  A troll (D:7)
  A yak (D:6)
  Eustachio (D:6)
  An acid dragon (D:8)
  2 water moccasins
  A black bear (D:7)
  A sky beast (D:7)
  2 orc warriors (D:6)
  3 ogres
  3 necrophages
  A centaur (D:8)
  2 phantoms
  A gnoll sergeant (D:7)
  6 scorpions
  A water moccasin zombie (D:6)
  A wyvern skeleton (D:7)
  4 killer bees (D:6)
  2 howler monkeys
  An electric eel (D:7)
  A bullfrog zombie (D:6)
  A gnoll shaman (D:6)
  2 jellies
  An orc priest (D:7)
  2 hounds (D:6)
  2 iguanas
  9 orc wizards
  2 killer bee zombies (D:7)
  Robin (D:3)
  2 howler monkey skeletons
  16 gnolls
  8 adders
  A white imp (D:6)
  4 worms (D:2)
  A dart slug (D:2)
  16 orcs
  9 endoplasms
  A giant cockroach (D:1)
  9 goblins
  7 hobgoblins
  5 jackals
  7 quokkas
  3 ball pythons
  A bat (D:1)
  7 frilled lizards
  5 kobolds
  3 rats
162 creatures vanquished.

Vanquished Creatures (others)
  A shadow imp (D:7)
  An orc (D:7)
  2 fungi (D:1)
  15 plants (D:3)
19 creatures vanquished.

Grand Total: 181 creatures vanquished
